[ AOE2 MATCH · #506069362 ]
UnrankedEthiopians vs Celts
Player's team · LOSS
Rival team · WIN
[ REPLAY ANALYSIS · EXTRACTED FROM THE RECORDED GAME ]
Feudal
9:17
Castle
23:05
Imperial
38:07
| APM avg | 53.7 |
| APM peak | 91 |
| eAPM avg | 27.3 |
| Villagers / military | 219 / 337 |
Focus
⚔️ 45.3% · 🌾 54.7%
Archer ×166 · Shotel Warrior ×65 · Militia ×38 · Scout Cavalry ×37 · Knight ×20 · Bombard Cannon ×5
Feudal
9:16
Castle
23:53
Imperial
36:45
| APM avg | 81.0 |
| APM peak | 124 |
| eAPM avg | 38.9 |
| Villagers / military | 220 / 305 |
Focus
⚔️ 47.6% · 🌾 52.4%
Skirmisher ×138 · Woad Raider ×110 · Spearman ×20 · Battering Ram ×19 · Monk ×7 · Mangonel ×4
Match map
Initial resources + every placement click. Lines = walls · curves = elevation contours. ◆ gold · ⬟ stone · ● berries · ✦ relic · ◌ wall gap
Your base· Open — 2t gap
EMPEROR VASILIY ALIBABAEVICH's base· Open — unwalled flank
Smoothed initial terrain · ◌ = detected wall gap · hover for details
Inputs per minute
— chandu champion - - EMPEROR VASILIY ALIBABAEVICH
Build order — chandu champion
First 150 of 833 actions detected
| 0:00 | Queue | Villager (Male) |
| 0:01 | Queue | Villager (Male) |
| 0:01 | Queue | Villager (Male) |
| 0:01 | Queue | Villager (Male) |
| 0:02 | Build | House |
| 0:03 | Build | House |
| 1:24 | Queue | Villager (Male) |
| 1:24 | Queue | Villager (Male) |
| 2:02 | Queue | Villager (Male) |
| 2:12 | Queue | Villager (Male) |
| 2:17 | Build | Lumber Camp |
| 2:43 | Queue | Villager (Male) |
| 2:49 | Queue | Villager (Male) |
| 3:30 | Queue | Villager (Male) |
| 3:39 | Queue | Villager (Male) |
| 3:50 | Build | House |
| 3:59 | Queue | Villager (Male) |
| 4:22 | Queue | Villager (Male) |
| 4:46 | Queue | Villager (Male) |
| 4:46 | Queue | Villager (Male) |
| 5:12 | Queue | Villager (Male) |
| 5:14 | Queue | Villager (Male) |
| 5:14 | Queue | Villager (Male) |
| 5:30 | Queue | Villager (Male) |
| 5:30 | Queue | Villager (Male) |
| 5:47 | Queue | Villager (Male) |
| 6:02 | Build | Barracks |
| 6:37 | Research | Loom |
| 6:47 | Build | House |
| 7:02 | Build | Palisade Wall |
| 7:03 | Build | Palisade Wall |
| 7:07 | Research | Feudal Age |
| 7:08 | Queue | Militia |
| 7:35 | Queue | Militia |
| 7:40 | Build | Palisade Wall |
| 7:41 | Build | Palisade Wall |
| 7:53 | Build | Mining Camp |
| 7:55 | Queue | Villager (Male) |
| 8:04 | Queue | Militia |
| 8:13 | Build | House |
| 8:39 | Build | House |
| 8:59 | Build | Palisade Wall |
| 9:01 | Build | Palisade Wall |
| 9:15 | Queue | Villager (Male) |
| 9:17 | Age | Feudal Age |
| 9:22 | Build | Archery Range |
| 9:29 | Research | Man-at-Arms (upgrade) |
| 9:33 | Queue | Villager (Male) |
| 9:46 | Build | Palisade Wall |
| 9:47 | Queue | Villager (Male) |
| 9:49 | Queue | Villager (Male) |
| 9:51 | Build | House |
| 10:02 | Build | House |
| 10:08 | Queue | Archer |
| 10:08 | Queue | Archer |
| 10:14 | Build | House |
| 10:15 | Build | Palisade Wall |
| 10:38 | Queue | Villager (Male) |
| 10:41 | Build | Mill |
| 10:51 | Queue | Archer |
| 11:14 | Queue | Archer |
| 11:21 | Build | Palisade Wall |
| 11:40 | Queue | Villager (Male) |
| 11:42 | Build | House |
| 11:46 | Queue | Villager (Male) |
| 12:02 | Queue | Villager (Male) |
| 12:05 | Research | Double-Bit Axe |
| 12:07 | Build | Farm |
| 12:08 | Build | Farm |
| 12:10 | Queue | Villager (Male) |
| 12:17 | Build | House |
| 12:31 | Queue | Villager (Male) |
| 12:33 | Build | Farm |
| 13:00 | Build | Farm |
| 13:03 | Queue | Archer |
| 13:14 | Queue | Villager (Male) |
| 13:16 | Build | Farm |
| 13:24 | Build | Farm |
| 13:37 | Queue | Villager (Male) |
| 13:41 | Build | House |
| 13:45 | Queue | Archer |
| 14:05 | Queue | Villager (Male) |
| 14:07 | Build | Farm |
| 14:16 | Queue | Archer |
| 14:17 | Queue | Villager (Male) |
| 14:19 | Build | Farm |
| 14:20 | Queue | Villager (Male) |
| 14:23 | Build | House |
| 14:35 | Queue | Villager (Male) |
| 14:37 | Build | Blacksmith |
| 14:55 | Queue | Villager (Male) |
| 14:57 | Build | Farm |
| 15:03 | Queue | Villager (Male) |
| 15:17 | Build | Farm |
| 15:26 | Research | Fletching |
| 15:31 | Build | Farm |
| 15:36 | Build | Farm |
| 15:47 | Queue | Villager (Male) |
| 15:53 | Queue | Archer |
| 16:04 | Build | Mining Camp |
| 16:13 | Queue | Archer |
| 16:25 | Research | Wheelbarrow |
| 16:33 | Build | Watch Tower |
| 16:41 | Build | Farm |
| 16:50 | Build | House |
| 16:52 | Build | Palisade Wall |
| 17:11 | Queue | Villager (Male) |
| 17:14 | Build | Farm |
| 17:29 | Queue | Villager (Male) |
| 17:46 | Queue | Archer |
| 17:51 | Queue | Archer |
| 18:12 | Build | House |
| 18:20 | Queue | Villager (Male) |
| 18:24 | Queue | Villager (Male) |
| 18:27 | Build | Stable |
| 18:40 | Build | Watch Tower |
| 18:46 | Build | Farm |
| 18:48 | Queue | Villager (Male) |
| 19:14 | Queue | Villager (Male) |
| 19:19 | Build | Market |
| 19:21 | Queue | Villager (Male) |
| 19:42 | Build | House |
| 19:44 | Build | House |
| 19:46 | Build | Palisade Wall |
| 19:47 | Build | Palisade Wall |
| 19:49 | Build | Palisade Wall |
| 19:54 | Queue | Villager (Male) |
| 20:13 | Research | Castle Age |
| 20:13 | Research | Castle Age |
| 20:51 | Queue | Archer |
| 20:55 | Queue | Villager (Male) |
| 21:02 | Research | Gold Mining |
| 21:11 | Build | Lumber Camp |
| 21:23 | Build | Archery Range |
| 21:32 | Queue | Scout Cavalry |
| 21:34 | Queue | Villager (Male) |
| 21:45 | Research | Horse Collar |
| 21:47 | Queue | Archer |
| 22:07 | Queue | Archer |
| 22:13 | Queue | Villager (Male) |
| 22:31 | Queue | Archer |
| 22:43 | Queue | Archer |
| 22:48 | Queue | Archer |
| 23:05 | Age | Castle Age |
| 23:07 | Research | Crossbowman (upgrade) |
| 23:07 | Research | Bodkin Arrow |
| 23:08 | Research | Bodkin Arrow |
| 23:10 | Queue | Villager (Male) |
| 23:13 | Build | Town Center |
| 23:16 | Research | Bow Saw |
Build order — EMPEROR VASILIY ALIBABAEVICH
First 150 of 769 actions detected
| 0:00 | Queue | Villager (Male) |
| 0:00 | Queue | Villager (Male) |
| 0:01 | Queue | Villager (Male) |
| 0:02 | Build | House |
| 0:04 | Build | House |
| 0:07 | Queue | Villager (Male) |
| 1:24 | Queue | Villager (Male) |
| 1:43 | Queue | Villager (Male) |
| 2:02 | Build | Lumber Camp |
| 2:19 | Queue | Villager (Male) |
| 2:34 | Queue | Villager (Male) |
| 3:11 | Queue | Villager (Male) |
| 3:24 | Queue | Villager (Male) |
| 3:25 | Queue | Villager (Male) |
| 3:58 | Build | House |
| 4:08 | Queue | Villager (Male) |
| 4:08 | Queue | Villager (Male) |
| 4:16 | Build | Mill |
| 4:54 | Queue | Villager (Male) |
| 5:19 | Queue | Villager (Male) |
| 5:48 | Queue | Villager (Male) |
| 6:11 | Queue | Villager (Male) |
| 6:14 | Build | Barracks |
| 6:27 | Research | Loom |
| 6:27 | Research | Loom |
| 6:40 | Build | House |
| 7:06 | Research | Feudal Age |
| 7:27 | Queue | Militia |
| 7:55 | Queue | Militia |
| 7:58 | Build | Mining Camp |
| 8:01 | Queue | Militia |
| 8:28 | Queue | Villager (Male) |
| 8:57 | Build | Mill |
| 8:59 | Queue | Villager (Male) |
| 9:16 | Age | Feudal Age |
| 9:25 | Research | Man-at-Arms (upgrade) |
| 9:26 | Queue | Villager (Male) |
| 9:29 | Build | House |
| 9:30 | Build | Palisade Wall |
| 9:37 | Build | Palisade Wall |
| 9:40 | Build | Palisade Wall |
| 9:48 | Build | Farm |
| 9:49 | Build | Farm |
| 9:53 | Build | Palisade Wall |
| 10:06 | Build | House |
| 10:08 | Build | Palisade Wall |
| 10:08 | Build | Palisade Wall |
| 10:17 | Build | Palisade Wall |
| 10:18 | Queue | Villager (Male) |
| 10:20 | Build | Palisade Wall |
| 10:26 | Build | Farm |
| 10:44 | Build | Farm |
| 10:53 | Build | House |
| 10:53 | Queue | Villager (Male) |
| 11:06 | Build | House |
| 11:24 | Queue | Villager (Male) |
| 11:24 | Queue | Villager (Male) |
| 11:28 | Build | Farm |
| 11:31 | Build | Farm |
| 11:47 | Build | Farm |
| 11:47 | Queue | Villager (Male) |
| 11:48 | Queue | Villager (Male) |
| 12:07 | Build | Farm |
| 12:15 | Queue | Villager (Male) |
| 12:24 | Build | Farm |
| 12:34 | Queue | Villager (Male) |
| 12:37 | Build | House |
| 12:50 | Research | Double-Bit Axe |
| 12:50 | Research | Double-Bit Axe |
| 13:09 | Queue | Villager (Male) |
| 13:25 | Queue | Villager (Male) |
| 13:31 | Build | House |
| 13:37 | Queue | Villager (Male) |
| 13:39 | Build | Archery Range |
| 13:57 | Queue | Villager (Male) |
| 14:00 | Build | House |
| 14:10 | Build | Farm |
| 14:18 | Build | House |
| 14:21 | Queue | Skirmisher |
| 14:21 | Queue | Skirmisher |
| 14:36 | Queue | Villager (Male) |
| 14:37 | Build | Farm |
| 14:46 | Queue | Skirmisher |
| 15:02 | Queue | Skirmisher |
| 15:06 | Build | Palisade Wall |
| 15:09 | Queue | Villager (Male) |
| 15:14 | Build | Palisade Wall |
| 15:17 | Queue | Villager (Male) |
| 15:19 | Queue | Skirmisher |
| 15:25 | Build | Lumber Camp |
| 15:33 | Queue | Villager (Male) |
| 15:35 | Queue | Skirmisher |
| 15:49 | Queue | Villager (Male) |
| 16:09 | Queue | Skirmisher |
| 16:10 | Queue | Villager (Male) |
| 16:16 | Build | Blacksmith |
| 16:20 | Build | Farm |
| 16:21 | Build | Farm |
| 16:27 | Build | Lumber Camp |
| 16:36 | Queue | Spearman |
| 16:56 | Queue | Spearman |
| 17:00 | Queue | Villager (Male) |
| 17:12 | Research | Fletching |
| 17:16 | Queue | Skirmisher |
| 17:24 | Build | Farm |
| 17:29 | Build | Farm |
| 17:32 | Build | Farm |
| 17:35 | Build | Farm |
| 17:38 | Build | Farm |
| 17:39 | Build | Farm |
| 17:40 | Queue | Villager (Male) |
| 17:46 | Queue | Villager (Male) |
| 17:48 | Build | Farm |
| 17:51 | Build | House |
| 17:59 | Research | Padded Archer Armor |
| 18:13 | Build | Farm |
| 18:15 | Build | Farm |
| 18:16 | Queue | Villager (Male) |
| 18:20 | Build | Watch Tower |
| 18:34 | Build | Market |
| 18:35 | Queue | Villager (Male) |
| 18:53 | Queue | Skirmisher |
| 19:03 | Queue | Villager (Male) |
| 19:16 | Queue | Villager (Male) |
| 19:20 | Queue | Villager (Male) |
| 19:45 | Queue | Villager (Male) |
| 19:50 | Queue | Villager (Male) |
| 20:11 | Queue | Villager (Male) |
| 20:22 | Build | Farm |
| 20:23 | Build | Farm |
| 20:28 | Build | Farm |
| 21:13 | Research | Castle Age |
| 21:19 | Build | House |
| 21:24 | Queue | Villager (Male) |
| 21:28 | Build | Palisade Wall |
| 21:29 | Build | Palisade Wall |
| 21:36 | Queue | Skirmisher |
| 21:36 | Queue | Skirmisher |
| 21:49 | Queue | Villager (Male) |
| 22:01 | Queue | Villager (Male) |
| 22:05 | Queue | Skirmisher |
| 22:23 | Queue | Skirmisher |
| 22:27 | Research | Horse Collar |
| 22:27 | Research | Horse Collar |
| 23:08 | Queue | Skirmisher |
| 23:47 | Queue | Villager (Male) |
| 23:53 | Age | Castle Age |
| 23:56 | Research | Bodkin Arrow |
| 23:57 | Research | Elite Skirmisher (upgrade) |
| 24:06 | Build | Town Center |
Match timeline
| 6:02 | chandu champion · first_building Barracks |
| 6:14 | EMPEROR VASILIY ALIBABAEVICH · first_building Barracks |
| 7:02 | chandu champion · wall_segment Palisade Wall x1 |
| 7:03 | chandu champion · wall_segment Palisade Wall x1 |
| 7:40 | chandu champion · wall_segment Palisade Wall x3 |
| 7:41 | chandu champion · wall_segment Palisade Wall x5 |
| 8:59 | chandu champion · wall_segment Palisade Wall x2 |
| 9:01 | chandu champion · wall_segment Palisade Wall x5 |
| 9:16 | EMPEROR VASILIY ALIBABAEVICH · age_up feudal |
| 9:17 | chandu champion · age_up feudal |
| 9:22 | chandu champion · first_building Archery Range |
| 9:30 | EMPEROR VASILIY ALIBABAEVICH · wall_segment Palisade Wall x2 |
| 9:37 | EMPEROR VASILIY ALIBABAEVICH · wall_segment Palisade Wall x5 |
| 9:40 | EMPEROR VASILIY ALIBABAEVICH · wall_segment Palisade Wall x1 |
| 9:46 | chandu champion · wall_segment Palisade Wall x1 |
| 9:53 | EMPEROR VASILIY ALIBABAEVICH · wall_segment Palisade Wall x6 |
| 10:08 | EMPEROR VASILIY ALIBABAEVICH · wall_segment Palisade Wall x1 |
| 10:08 | EMPEROR VASILIY ALIBABAEVICH · wall_segment Palisade Wall x1 |
| 10:15 | chandu champion · wall_segment Palisade Wall x1 |
| 10:17 | EMPEROR VASILIY ALIBABAEVICH · wall_segment Palisade Wall x5 |
| 10:20 | EMPEROR VASILIY ALIBABAEVICH · wall_segment Palisade Wall x4 |
| 11:21 | chandu champion · wall_segment Palisade Wall x1 |
| 13:39 | EMPEROR VASILIY ALIBABAEVICH · first_building Archery Range |
| 15:06 | EMPEROR VASILIY ALIBABAEVICH · wall_segment Palisade Wall x1 |
| 15:14 | EMPEROR VASILIY ALIBABAEVICH · wall_segment Palisade Wall x1 |
| 16:52 | chandu champion · wall_segment Palisade Wall x5 |
| 18:27 | chandu champion · first_building Stable |
| 19:46 | chandu champion · wall_segment Palisade Wall x1 |
| 19:47 | chandu champion · wall_segment Palisade Wall x1 |
| 19:49 | chandu champion · wall_segment Palisade Wall x1 |
| 20:40 | EMPEROR VASILIY ALIBABAEVICH · first_market_sell 100 wood |
| 20:41 | EMPEROR VASILIY ALIBABAEVICH · first_market_buy 100 food |
| 21:28 | EMPEROR VASILIY ALIBABAEVICH · wall_segment Palisade Wall x1 |
| 21:29 | EMPEROR VASILIY ALIBABAEVICH · wall_segment Palisade Wall x4 |
| 23:05 | chandu champion · age_up castle |
| 23:53 | EMPEROR VASILIY ALIBABAEVICH · age_up castle |
| 24:01 | chandu champion · first_building Siege Workshop |
| 24:11 | EMPEROR VASILIY ALIBABAEVICH · first_building Monastery |
| 24:21 | chandu champion · first_building Monastery |
| 24:23 | EMPEROR VASILIY ALIBABAEVICH · first_building Siege Workshop |
| 24:44 | chandu champion · first_market_buy 100 wood |
| 26:01 | chandu champion · first_market_sell 100 wood |
| 29:10 | chandu champion · first_building Castle |
| 35:00 | EMPEROR VASILIY ALIBABAEVICH · first_building Castle |
| 36:45 | EMPEROR VASILIY ALIBABAEVICH · age_up imperial |
| 38:07 | chandu champion · age_up imperial |
| 57:00 | chandu champion · resign |
[ AI ANALYSIS · 1 CREDIT ]
What really happened in this match?
Wolo.gg analyzes every decision: build order, eco, micro, common mistakes by bracket. Personalized analysis on WhatsApp or Discord in 30 seconds.
Civ guide
Ethiopians
Perfil
Jugador #974876